 Dungeon Crawl Stone Soup version 0.18-a0-846-g91b95b1 (webtiles) character file.

21 Raultor the Ruffian (level 2, -1/23 HPs)
             Began as a Draconian Transmuter on Dec 20, 2015.
             Slain by an adder (4 damage)
             ... on level 2 of the Dungeon.
             The game lasted 00:02:15 (1117 turns).

Raultor the Ruffian (Draconian Transmuter)          Turns: 1117, Time: 00:02:15

Health: -1/23      AC:  5    Str: 12    XL:     2   Next: 62%
Magic:  5/5        EV: 12    Int: 13    God:
Gold:   59         SH:  0    Dex: 11    Spells: 1 memorised, 4 levels left

rFire  . . .     SeeInvis .       - Unarmed
rCold  . . .     Gourm    .     (armour unavailable)
rNeg   . . .     Faith    .     (no shield)
rPois  .         Spirit   .     (helmet restricted)
rElec  .         Dismiss  .     d - +0 cloak
rCorr  .         Reflect  .     (no gloves)
SustAt .         Harm     .     (no boots)
MR     .....                    (no amulet)
Stlth  +.........               (no ring)
                                (no ring)

@: lethally poisoned (-1 -> -12), not resistant to hostile enchantments, very
unstealthy
A: unfitting armour, cold-blooded, AC +4
a: no special abilities


You were on level 2 of the Dungeon.
You were hungry.

You visited 1 branch of the dungeon, and saw 2 of its levels.

You collected 59 gold pieces.

Inventory:

Missiles
 a - 31 arrows
Armour
 d - a +0 cloak (worn)
   (You found it on level 1 of the Dungeon)
Scrolls
 e - 2 scrolls of identify {unknown}
 f - a scroll of teleportation {unknown}
 g - a scroll of remove curse {unknown}
Potions
 i - 2 potions of degeneration {unknown}
 j - a potion of resistance {unknown}
Books
 b - a book of Changes
Comestibles
 c - a bread ration {@e1}


   Skills:
 - Level 1.1 Fighting
 - Level 1.7 Dodging
 + Level 3.4 Unarmed Combat
 - Level 2.0 Spellcasting
 + Level 2.8 Transmutations


You had 4 spell levels left.
You knew the following spells:

 Your Spells              Type           Power        Failure   Level  Hunger
a - Beastly Appendage     Trmt           #.....       10%         1    ##.....


Dungeon Overview and Level Annotations

Branches:
Dungeon (2/15)

Altars:


Innate Abilities, Weirdness & Mutations

Your plain brown scales are hard (AC +4).
Your body does not fit into most forms of armour.
You are cold-blooded and may be slowed by cold attacks.


Message History

You now have 59 gold pieces (gained 8).
You see here a club.
There isn't anything to butcher here.
The giant newt is too close now for your liking.
The giant newt bites you but does no damage.
You punch the giant newt!
You kill the giant newt!
No target in view!
No target in view!
A giant newt comes into view.
The giant newt moves out of view.
The giant newt is too close now for your liking.
You miss the giant newt. The giant newt closely misses you.
You barely miss the giant newt. You tail-slap the giant newt.
You kill the giant newt!
No target in view!
You see here a giant newt corpse.
You butcher the giant newt corpse.
h - a chunk of flesh {@w0}
i - 2 silvery potions You regained 2 hp, and now have 21/23 hp.
A goblin comes into view. It is wielding a club.
The goblin shouts!
You hit the goblin.
You kill the goblin!
No target in view!
Things that are here:
a club; a goblin corpse
Things that are here:
a club; a goblin corpse Done exploring.
Health restored: 23 Done exploring.
There is a stone staircase leading down here.
You climb downwards.
Found an escape hatch in the floor.
There is a stone staircase leading up here.
There is an escape hatch in the floor here.
There is a stone staircase leading up here.
You open the door.
There is an open door here.
You open the door.
There is an open door here.
j - a fuming amethyst potion All of the chunks of flesh in your inventory have rotted away.
You are feeling hungry.
e - 2 scrolls labeled GEUCICZ ZOYMU (gained 1)
You see here 13 sling bullets.
A goblin comes into view.
The goblin shouts!
An adder comes into view.
The goblin misses you.
You hit the goblin. The goblin hits you.
You take 1 damage, and have 22/23 hp.
You closely miss the goblin. The goblin closely misses you.
You barely miss the goblin. You barely miss the goblin.
The goblin hits you but does no damage.
You hit the goblin.
You kill the goblin!
The adder bites you.
You take 4 damage, and have 18/23 hp.
You hit the adder but do no damage. The adder bites you but does no damage.
You hit the adder but do no damage. The adder bites you but does no damage.
You closely miss the adder. The adder bites you but does no damage.
The adder bites you.
You take 4 damage, and have 14/23 hp.
You hit the adder. The adder closely misses you.
You barely miss the adder. The adder barely misses you.
You hit the adder. The adder bites you but does no damage.
You barely miss the adder. The adder bites you.
The adder bites you but does no damage.
You take 1 damage, and have 14/23 hp.
You miss the adder. The adder bites you.
You are poisoned.
The adder poisons you!
You take 2 damage, and have 12/23 hp.
You barely miss the adder.
You feel sick. The adder bites you but does no damage.
You take 1 damage, and have 11/23 hp.
You hit the adder but do no damage. The adder bites you.
You are lethally poisoned!
The adder poisons you!
You take 1 damage, and have 10/23 hp.
You miss the adder.
You feel sick. The adder bites you.
You are more poisoned.
The adder poisons you!
You take 3 damage, and have 7/23 hp.
You hit the adder.
* * * LOW HITPOINT WARNING * * *
You feel sick. The adder misses you. The adder bites you but does no damage.
You take 1 damage, and have 6/23 hp.
You closely miss the adder.
* * * LOW HITPOINT WARNING * * *
You feel sick. The adder bites you.
* * * LOW HITPOINT WARNING * * *
You take 2 damage, and have 4/23 hp.
You barely miss the adder.
* * * LOW HITPOINT WARNING * * *
You feel sick. The adder bites you.
You die...

#.....## #..# #......#
... # #..(...# ...### ##
#.#.##.# ##.....# <##
#......# #..#.#.##
.>####...##### #.......#
..+..........###S†......
..####......###.@......#
.## #...##.# #..#.##.##
## #.#....###.## # #
#.#....##..#
#.##...##.## #......#..#
#####.##..# #.#...#


You could see an adder.

Vanquished Creatures
  A ball python (D:1)
  2 bats (D:1)
  4 goblins
  2 hobgoblins (D:1)
  3 giant newts (D:1)
  4 kobolds (D:1)
  6 rats (D:1)
22 creatures vanquished.

Notes
Turn   | Place    | Note
--------------------------------------------------------------
     0 | D:1      | Raultor the Draconian Transmuter began the quest for the Orb.
     0 | D:1      | Reached XP level 1. HP: 16/16 MP: 3/3
   421 | D:1      | Reached XP level 2. HP: 15/23 MP: 5/5
  1116 | D:2      | HP: 5/23 [poisoned by an adder]
  1117 | D:2      | Slain by an adder

Vault maps used:
D:1:      dpeg_arrival_stonehenge_12_columns
D:2:      lemuel_upstairs_altar, cheibriados_altar_1, overflow_temple_1_default,
          elyvilon_altar_5, first_bread, kennysheep_flooded_box,
          nicolae_dithmenos_through_a_glass_darkly

Action                   || total
-------------------------++-------
Melee: Unarmed           ||    86

Vault maps used:
D:1:      dpeg_arrival_stonehenge_12_columns
D:2:      lemuel_upstairs_altar, cheibriados_altar_1, overflow_temple_1_default,
          elyvilon_altar_5, first_bread, kennysheep_flooded_box,
          nicolae_dithmenos_through_a_glass_darkly

Table legend:
 A = Turns spent in this place as a percentage of turns spent in the entire game.
 B = Non-inter-level travel turns spent in this place as a percentage of non-inter-level travel turns spent in the entire game.
 C = Inter-level travel turns spent in this place as a percentage of turns spent in this place.
 D = Turns resting spent in this place as a percentage of non-inter-level travel turns spent in this place.
 E = Turns spent auto-exploring this place as a percentage of non-inter-level travel turns spent in this place.
 F = Non-inter-level travel turns spent in this place divided by the number of levels of this place that you've seen.
                   A       B       C       D       E      F
               +-------+-------+-------+-------+-------+----------------------
         Total | 100.0 | 100.0 |   0.4 |   2.5 |  15.2 | 118.5
       Dungeon | 100.0 | 100.0 |   0.4 |   2.5 |  15.2 | 118.5
               +-------+-------+-------+-------+-------+----------------------

Table legend:
 A = Kills in this place as a percentage of kills in entire the game.
 B = Kills by you in this place as a percentage of kills by you in the entire game.
 C = Kills by friends in this place as a percentage of kills by friends in the entire game.
 D = Other kills in this place as a percentage of other kills in the entire game.
 E = Experience gained in this place as a percentage of experience gained in the entire game.
 F = Experience gained in this place divided by the number of levels of this place that you have seen.
                   A       B       C       D       E      F
               +-------+-------+-------+-------+-------+----------------------
         Total | 100.0 | 100.0 |  -nan |  -nan | 100.0 |  15.0
       Dungeon | 100.0 | 100.0 |  -nan |  -nan | 100.0 |  15.0
               +-------+-------+-------+-------+-------+----------------------
